 Dungeon Crawl Stone Soup version 0.20.1-1-g8b1a95d (webtiles) character file.

44 concernedbohemian the Ruffian (level 3, -3/29 HPs)
             Began as a Ghoul Warper on Oct 26, 2017.
             Slain by a gnoll
             ... wielding a +0 spear
              (6 damage)
             ... on level 2 of the Dungeon.
             The game lasted 00:10:45 (1724 turns).

concernedbohemian the Ruffian (Ghoul Warper)        Turns: 1724, Time: 00:10:46

Health: -3/29      AC:  3    Str: 15    XL:     3   Next: 60%
Magic:  4/4        EV: 11    Int:  8    God:
Gold:   52         SH:  0    Dex:  8    Spells: 5/5 levels left

rFire    . . .     SeeInvis .     - Unarmed
rCold    + . .     Gourm    .   (no shield)
rNeg     + + +     Faith    .   a - +0 leather armour
rPois    ∞         Spirit   .   (no helmet)
rElec    .         Reflect  .   (no cloak)
rCorr    .         Harm     .   (no gloves)
MR       .....                  (no boots)
Stlth    +.........             (no amulet)
Regen    0.0/turn               (no ring)
MPRegen  0.1/turn               (no ring)

@: rotting
A: rotting body, claws 1, carnivore 3, cold resistance 1, negative energy
resistance 3, inhibited regeneration, torment resistance, unbreathing
a: no special abilities


You were on level 2 of the Dungeon.
You were not hungry.

You visited 1 branch of the dungeon, and saw 2 of its levels.

You collected 52 gold pieces.

Inventory:

Missiles
 d - 5 tomahawks of dispersal (quivered)
 g - 20 arrows
Armour
 a - a +0 leather armour (worn)
Scrolls
 c - 2 scrolls of blinking
 e - a scroll of enchant weapon {unknown}
 h - 2 scrolls of identify {unknown}
 j - a scroll of remove curse {unknown}
 k - a scroll of immolation {unknown}
 m - a scroll of fear {unknown}
Potions
 i - 2 potions of curing {unknown}
 l - a potion of haste {unknown}
Books
 b - a book of Spatial Translocations

   Spells                             Type                      Level
   a - Blink                          Translocation                2
   b - Shroud of Golubria             Charms/Translocation         2
   c - Lesser Beckoning               Translocation                3
   d - Gell's Gravitas                Translocation                3
   e - Teleport Other                 Translocation                3
   f - Passage of Golubria            Translocation                4
Comestibles
 f - a meat ration
 n - 3 chunks of flesh


   Skills:
 - Level 2.1 Fighting
 - Level 0.8 Throwing
 - Level 0.8 Armour
 - Level 1.7 Dodging
 + Level 4.2 Unarmed Combat
 - Level 1.7 Spellcasting
   Level 2.6 Translocations


You had 5 spell levels left.
You didn't know any spells.

Dungeon Overview and Level Annotations

Branches:
Dungeon (2/15)

Altars:


Innate Abilities, Weirdness & Mutations

Your body is rotting away.
You thrive on raw meat.
You are immune to poison.
You have sharp fingernails.
You are carnivorous and can eat meat at any time.
Your flesh is cold resistant. (rC+)
You are immune to negative energy. (rN+++)
You do not regenerate when monsters are visible.
You are immune to unholy pain and torment.
You can survive without breathing.


Message History

The gnoll is severely wounded.
You scratch the gnoll but do no damage.
The gnoll is severely wounded.
The gnoll hits you with a club.
* * * LOW HITPOINT WARNING * * *
You barely miss the gnoll.
The gnoll is severely wounded.
The gnoll hits you with a club.
* * * LOW HITPOINT WARNING * * *
You scratch the gnoll.
You kill the gnoll!
There is an open door here.
You closely miss the gnoll.
The gnoll is heavily wounded.
The gnoll barely misses you.
You closely miss the gnoll.
The gnoll is moderately wounded.
The gnoll closely misses you.
The gnoll hits you from afar with a spear.
You die...

#.........+
.
#.........#
#.#'##....#
#.#.##....#
#.#.##....#
#g#g##....#
#.#g##....#
#g#g##....#
#.#@#######
#.#.# #)#.#
#.#.# #.#.#
#.#.# #.#.#
#.#.# #.#


You could see 3 gnolls.

Vanquished Creatures
  A gnoll (D:2)
  2 leopard geckos (D:1)
  2 giant cockroaches (D:1)
  2 goblins (D:1)
  3 hobgoblins (D:1)
  7 jackals (D:1)
  6 bats
  3 kobolds
  3 rats
29 creatures vanquished.

Notes
Turn   | Place    | Note
-------+----------+-------------------------------------------
     0 | D:1      | concernedbohemian the Ghoul Warper began the quest for the Orb.
     0 | D:1      | Reached XP level 1. HP: 17/17 MP: 2/2
   219 | D:1      | Reached skill level 3 in Unarmed Combat
   219 | D:1      | Reached XP level 2. HP: 6/24 MP: 3/3
   951 | D:1      | Reached XP level 3. HP: 13/29 MP: 4/4
  1564 | D:2      | Reached skill level 4 in Unarmed Combat
  1724 | D:2      | Slain by a gnoll

Skill      XL: |  1  2  3 |
---------------+----------+-----
Unarmed Combat | 3 4 |  4.2
Fighting       | |  2.1
Throwing       | |  0.8
Armour         | |  0.8
Dodging        | |  1.7
Spellcasting   | |  1.7
Translocations | |  2.6

Action                   || total
-------------------------++-------
Melee: Unarmed           ||   136
  Eat: Chunk             ||     4
Armor: Leather armour    ||    51
Dodge: Dodged            ||   100
